 Dungeon Crawl Stone Soup version 0.14-a0-2381-g4cacdb4 (webtiles) character file.

286 MackTheKnife the Spear-Bearer (level 6, -8/47 HPs)
             Began as a Merfolk Fighter on Feb 2, 2014.
             Mangled by an ogre
             ... wielding a +0,+0 giant club
              (28 damage)
             ... on Level 4 of the Dungeon.
             The game lasted 00:05:49 (2674 turns).

MackTheKnife the Spear-Bearer (Merfolk Fighter)     Turns: 2674, Time: 00:05:49

HP  -8/47        AC  5     Str 16      XL: 6   Next: 18%
MP   6/6         EV  8     Int  8      God:
Gold 25          SH 19     Dex 19      Spells:  0 memorised,  5 levels left

rFire  + + .     SeeInvis .     a - +0 trident
rCold  . . .     Clarity  +     m - +2 leather armour {rF+}
rNeg   . . .     Conserve .     c - +0 shield
rPois  .         rCorr    .     (no helmet)
rElec  .         rRot     .     (no cloak)
SustAb . .       Spirit   .     (no gloves)
rMut   .         Warding  .     (no boots)
Saprov . . .     Stasis   .     l - amulet of clarity
MR     .....                    i - +4 ring of dexterity
                                b - ring of protection from fire

@: not resistant to hostile enchantments, unstealthy
A: change form in water, swift swim
a: no special abilities


You were on level 4 of the Dungeon.
You were not hungry.

You visited 1 branch of the dungeon, and saw 4 of its levels.

You collected 167 gold pieces.
You spent 142 gold pieces at shops.


   Skills:
 - Level 3.2 Fighting
 - Level 9.1 Polearms
 - Level 2.1 Armour
 + Level 0.0 Dodging
 - Level 3.0 Shields


You had 5 spell levels left.
You didn't know any spells.

Inventory:

Hand weapons
 a - a +0,+0 trident (weapon)
 f - a +3,+0 dwarven dagger of venom
 g - a +3,+1 elven dagger
Armour
 c - a +0 shield (worn)
 m - a +2 leather armour of fire resistance (worn)
Comestibles
 d - 3 bread rations
Scrolls
 n - 2 scrolls of remove curse {unknown}
 o - a scroll of enchant weapon I {unknown}
 p - a scroll of random uselessness {unknown}
Jewellery
 b - a ring of protection from fire (left hand)
 i - a +4 ring of dexterity (right hand)
 l - an amulet of clarity (around neck)
Potions
 e - 5 potions of curing
 h - a potion of cure mutation {unknown}
 j - 2 potions of agility
 k - 2 potions of restore abilities {unknown}
 q - a potion of speed {unknown}
 r - 2 potions of heal wounds
 s - a potion of might
 t - a potion of berserk rage {unknown}

▒▒▒ ▒▒▒▒£▒▒▒
▒▒······▒▒
▒···O····▒
▒m··▒ ···
▒▒(·▒▒
▒····▒▒▒▒····▒
···········▒▒
·········▒▒▒
▒········▒▒
▒▒·········▒
▒·········▒▒
▒········▒▒▒


You could see an ogre.


Message History

Increase (S)trength, (I)ntelligence, or (D)exterity?
You feel agile.
You start resting.
Things that are here:
a giant club; a hound corpse
t - an emulsified pink potion
Found 12 stones.
Found 13 gold pieces.
Found 16 gold pieces.
You now have 25 gold pieces (gained 13).
You see here 12 stones.
An ogre is nearby!
An ogre is nearby!
An ogre is nearby!
An ogre is nearby!
The ogre shouts!
No target in view!
No target in view!
You hit the ogre.
The ogre is lightly wounded.
The ogre hits you with a giant club.
You hit the ogre.
The ogre is moderately wounded.
The ogre hits you with a giant club!
* * * LOW HITPOINT WARNING * * *
You hit the ogre.
The ogre is moderately wounded.
The ogre hits you with a giant club!
Ouch! That really hurt!
You die...

Action                   |  1- 3 |  4- 6 || total
-------------------------+-------+-------++-------
Melee: Trident           |   112 |   117 ||   229
  Use: Scroll            |     1 |       ||     1
 Stab: Sleeping          |       |     1 ||     1

Vault maps used:
D:1:      elethiomel_arrival_Infinity_Welcomes_Careful_Drivers, minivault_19,
          serial_bayou_pond_b
D:2:      lemuel_crystal_altar, first_bread
D:3:      lemuel_doored_altar, minmay_misc_feat_tiny, nrook_uturn,
          okawaru_altar_gauntlet_db
D:4:      serial_shops, shop

Notes
Turn   | Place    | Note
--------------------------------------------------------------
     0 | D:1      | MackTheKnife, the Merfolk Fighter, began the quest for the Orb.
     0 | D:1      | Reached XP level 1. HP: 18/18 MP: 1/1
   109 | D:1      | Reached skill level 4 in Polearms
   109 | D:1      | Reached XP level 2. HP: 24/24 MP: 2/2
   601 | D:2      | Reached XP level 3. HP: 29/29 MP: 3/3
   609 | D:2      | Reached skill level 5 in Polearms
  1160 | D:2      | Found a deep blue altar of Sif Muna.
  1390 | D:2      | Reached skill level 6 in Polearms
  1390 | D:2      | Reached XP level 4. HP: 32/35 MP: 4/4
  1623 | D:3      | Found a glowing golden altar of the Shining One.
  2164 | D:3      | Noticed ghwc's ghost (average LOCK)
  2239 | D:4      | Noticed an ogre
  2241 | D:4      | Noticed an ogre
  2463 | D:4      | Found Raos Tra's Distillery.
  2470 | D:4      | Reached skill level 7 in Polearms
  2497 | D:4      | Bought a potion of heal wounds for 33 gold pieces
  2497 | D:4      | Bought a potion of curing for 22 gold pieces
  2497 | D:4      | Bought a potion of heal wounds for 33 gold pieces
  2497 | D:4      | Bought a potion of might for 27 gold pieces
  2497 | D:4      | Bought a potion of agility for 27 gold pieces
  2523 | D:4      | Reached XP level 5. HP: 38/41 MP: 5/5
  2543 | D:4      | Reached skill level 8 in Polearms
  2550 | D:4      | Killed an ogre
  2550 | D:4      | Reached skill level 9 in Polearms
  2550 | D:4      | Reached XP level 6. HP: 28/47 MP: 6/6
  2674 | D:4      | Mangled by an ogre

Vanquished Creatures
  An ogre (D:4)
  A hound (D:4)
  An iguana (D:4)
  5 adders
  A giant mite (D:3)
  3 oozes
  A bat skeleton (D:4)
  A giant cockroach (D:3)
  9 hobgoblins
  3 quokkas
  3 ball pythons
  9 bats
  2 giant geckos
  5 giant newts
  9 goblins
  5 kobolds
  8 rats
67 creatures vanquished.
